Wolfpack vs Senators
Created - January 12, 2023 at 19:16
Goals
|
| Wolfpack |
1 |
5 |
2 |
8 |
| Senators |
1 |
3 |
2 |
6 |
|
Shots
|
| Wolfpack |
13 |
13 |
10 |
36 |
| Senators |
7 |
15 |
13 |
35 |
|
1st period
1. Senators , Brendan Perlini 8 (Kevin Rooney 14) at 3:13
2. Wolfpack , Alexander Barabanov 8 (Derrick Pouliot 17, Jonas Brodin 14) at 5:21
Penalties :
Joonas Lyytinen (Bel) for Hooking (Minor) at 13:33, Garret Sparks (Bel) for Slashing (Minor) at 14:56 - Jordan Schmaltz served the penalty
2nd period
3. Wolfpack , Seth Griffith 23 (David Pope 29) at 0:33
4. Wolfpack , Linus Sandin 5 (Steven Santini 15, Nolan Patrick 5) at 11:54
5. Wolfpack , Connor Chatam 9 (Samuel Blais 14) at 13:03
6. Wolfpack , Connor Chatam 10 (Samuel Blais 15, Joshua Jacobs 1) at 13:15
7. Senators , Zachary Sanford 21 (Jacob De La Rose 11) at 13:56
8. Wolfpack , David Pope 18 (Seth Griffith 25, Jonas Brodin 15) at 14:07
9. Senators , Oliver Bjorkstrand 11 (Jacob De La Rose 12, Zachary Sanford 24) at 14:45
10. Senators , Grant Besse 7 (Kevin Rooney 15) at 17:22
Penalties :
Jordan Schmaltz (Bel) for Roughing (Minor) at 15:07
3rd period
11. Wolfpack , Seth Griffith 24 (Sebastian Collberg 22, David Pope 30) at 6:12
12. Senators , Brendan Perlini 9 (Jordan Schmaltz 16, Grant Besse 9) at 7:06
13. Wolfpack , Alex Barre-Boulet 4 (Steven Santini 16, Dryden Hunt 15) at 8:20
14. Senators , Zachary Sanford 22 (Oliver Bjorkstrand 14, Nikita Nesterov 4) at 14:45
Penalties :
Zemgus Girgensons (Bel) for Interference (Minor) at 17:40, Connor Chatam (Har) for Interference (Minor) at 18:18
Goalie Stats
Mike Condon (Har), 29 saves from 35 shots - (0.829), W, 6-3-1, 60:00 minutes
Garret Sparks (Bel), 18 saves from 23 shots - (0.783), 33:15 minutes
David Rittich (Bel), 10 saves from 13 shots - (0.769), L, 4-6-0, 26:45 minutes
Players Stats for Wolfpack
Player Name G A P +/- PIM S H SB GA TA FO MP PP MP PK MP
------------------------------------------------------------------------------------
Alex Barre-Boulet 1 0 1 1 0 2 0 0 0 0 3/6 7:10 0:00 0:00
Alexander Barabanov 1 0 1 0 0 1 2 0 0 0 0/1 12:11 0:00 0:00
Alexander Volkov 0 0 0 0 0 0 0 0 0 0 0/0 0:19 0:00 0:19
Andrew Peeke 0 0 0 0 0 0 1 0 0 0 0/0 4:44 0:00 0:00
Cale Fleury 0 0 0 0 0 0 0 0 0 1 0/0 10:10 0:00 0:00
Casey Mittelstadt 0 0 0 -1 0 0 1 0 1 0 7/16 16:10 2:50 0:00
Colton White 0 0 0 -1 0 0 0 3 0 0 0/0 18:21 2:01 0:20
Connor Chatam 2 0 2 -1 2 2 0 1 0 0 0/0 16:09 2:49 0:00
Dante Fabbro 0 0 0 0 0 0 0 0 0 0 0/0 0:00 0:00 0:00
David Pope 1 2 3 2 0 4 2 0 2 1 1/3 23:38 3:09 0:01
Derrick Pouliot 0 1 1 3 0 3 1 2 1 2 0/0 26:45 3:58 0:00
Dryden Hunt 0 1 1 1 0 4 0 0 0 0 0/1 7:29 0:00 0:19
Jacob Middleton 0 0 0 0 0 0 0 0 0 0 0/0 0:00 0:00 0:00
Jake Marchment 0 0 0 0 0 0 0 0 0 0 0/0 0:18 0:01 0:00
Joel Kiviranta 0 0 0 0 0 0 0 0 0 0 0/0 0:13 0:00 0:00
Jonas Brodin 0 2 2 3 0 2 0 2 1 1 0/0 26:45 3:58 0:00
Joshua Jacobs 0 1 1 0 0 2 0 0 0 0 0/0 10:10 0:00 0:00
Linus Sandin 1 0 1 0 0 1 1 1 1 0 0/0 12:11 0:00 0:00
Nolan Patrick 0 1 1 0 0 1 1 0 1 0 1/6 12:11 0:00 0:00
Owen Tippet 0 0 0 1 0 1 0 0 0 0 0/0 7:10 0:00 0:00
Samuel Blais 0 2 2 -1 0 3 0 0 0 0 1/3 16:29 2:50 0:00
Sebastian Collberg 0 1 1 2 0 0 1 0 0 0 1/5 23:07 3:09 0:00
Seth Griffith 2 1 3 2 0 7 4 0 1 0 18/33 23:33 3:08 0:01
Steven Santini 0 2 2 -1 0 3 2 1 0 0 0/0 18:21 2:01 0:20
Will Borgen 0 0 0 0 0 0 1 0 0 0 0/0 4:44 0:00 0:00
Players Stats for Senators
Player Name G A P +/- PIM S H SB GA TA FO MP PP MP PK MP
------------------------------------------------------------------------------------
Brendan Perlini 2 0 2 2 0 8 0 0 1 0 0/0 13:02 0:20 0:44
C.J Suess 0 0 0 0 0 0 0 0 0 0 1/1 0:35 0:00 0:00
Christoph Bertschy 0 0 0 -3 0 4 1 3 0 1 15/32 20:37 0:00 0:21
David Kase 0 0 0 -2 0 1 1 0 0 0 0/0 6:30 0:00 0:00
Dmitry Sinitsyn 0 0 0 -2 0 2 0 5 0 1 0/0 25:50 0:20 4:01
Grant Besse 1 1 2 2 0 1 1 0 0 0 0/0 11:22 0:00 0:00
Jacob De La Rose 0 2 2 1 0 0 0 0 0 0 8/15 14:16 0:00 0:00
Johan Larsson 0 0 0 -2 0 1 0 0 0 0 0/0 6:30 0:00 0:00
Jonas Siegenthaler 0 0 0 -2 0 0 0 0 0 1 0/0 4:55 0:00 0:53
Joonas Lyytinen 0 0 0 -1 2 0 0 2 0 0 0/0 11:13 0:00 0:14
Jordan Schmaltz 0 1 1 -4 2 3 1 2 0 2 0/0 27:43 0:20 1:38
Keegan Lowe 0 0 0 3 0 1 0 0 0 0 0/0 19:08 0:00 1:58
Kevin Rooney 0 2 2 2 0 1 0 0 0 0 9/13 13:29 0:20 1:15
Mason Geertsen 0 0 0 -1 0 0 1 1 0 0 0/0 12:30 0:00 1:30
Michael McCarron 0 0 0 -2 0 4 0 0 0 0 5/5 6:30 0:00 0:00
Nikita Nesterov 0 1 1 3 0 0 1 1 0 2 0/0 19:08 0:00 1:58
Oliver Bjorkstrand 1 1 2 1 0 2 1 0 0 0 0/0 15:46 0:00 1:20
Tyler Pitlick 0 0 0 -3 0 2 1 1 0 0 0/1 23:52 0:00 3:05
Zachary Sanford 2 1 3 1 0 4 2 0 1 0 1/1 15:46 0:00 1:20
Zemgus Girgensons 0 0 0 -3 2 1 4 2 3 1 3/6 23:19 0:20 3:03
3 Stars
1 - Seth Griffith (Har)
2 - David Pope (Har)
3 - Zachary Sanford (Bel)
Power Play
Wolfpack - 0 on 4 Attempt(s) - 0.00%
Senators - 0 on 1 Attempt(s) - 0.00%
Penalty Kill
Wolfpack - 1 on 1 Attempt(s) - 100.00%
- Score 0 goal in Penalty Kill
Senators - 4 on 4 Attempt(s) - 100.00%
- Score 0 goal in Penalty Kill
Team Stat
Wolfpack - Hits : 17 - Faceoff Wins : 32 - Blocked Shots : 10 - Penalty Minutes : 2
Senators - Hits : 14 - Faceoff Wins : 42 - Blocked Shots : 17 - Penalty Minutes : 8
Official
Referees : Dan O'Rourke and Brandon Schrader
Linesman : Trent Knorr and Steve Barton
Game Notes
David Rittich enters game at 13:15 of 2nd period
Finance
Level 1 -- Attendance: 1722 (86.10%) -- Ticket Income $60,270
Level 2 -- Attendance: 1000 (100.00%) -- Ticket Income $15,000
Total Attendance: 2722 (90.73%)
Total Ticket Income: $75,270
Other Income: $3,764
Total Income: $79,034
Wolfpack
5 vs 5 Forward
Center Left Wing Right Wing Time % Phy DF OF
1 Seth Griffith David Pope Sebastian Collberg 40 1 2 2
2 Casey Mittelstadt Samuel Blais Connor Chatam 30 1 2 2
3 Nolan Patrick Alexander Barabanov Linus Sandin 20 1 2 2
4 Alex Barre-Boulet Dryden Hunt Owen Tippet 10 1 2 2
5 vs 5 Defense
Defense Defense Time % Phy DF OF
1 Jonas Brodin Derrick Pouliot 40 1 2 2
2 Steven Santini Colton White 30 1 2 2
3 Joshua Jacobs Cale Fleury 20 1 2 2
4 Andrew Peeke Will Borgen 10 1 2 2
PowerPlay Forward
Center Left Wing Right Wing Time % Phy DF OF
1 Seth Griffith David Pope Sebastian Collberg 60 1 2 2
2 Casey Mittelstadt Samuel Blais Connor Chatam 40 1 2 2
PowerPlay Defense
Defense Defense Time % Phy DF OF
1 Jonas Brodin Derrick Pouliot 60 1 2 2
2 Steven Santini Colton White 40 1 2 2
Penalty Kill 4 Players Forward
Center Wing Time % Phy DF OF
1 David Pope Seth Griffith 60 1 2 2
2 Samuel Blais Sebastian Collberg 40 1 2 2
Penalty Kill 4 Players Defense
Defense Defense Time % Phy DF OF
1 Jonas Brodin Derrick Pouliot 60 1 2 2
2 Steven Santini Colton White 40 1 2 2
Penalty Kill - 3 Players Forward
Forward Time % Phy DF OF
1 David Pope 60 1 2 2
2 Seth Griffith 40 1 2 2
Penalty Kill - 3 Players Defense
Defense Defense Time % Phy DF OF
1 Jonas Brodin Derrick Pouliot 60 1 2 2
2 Steven Santini Colton White 40 1 2 2
4 vs 4 Forward
Center Wing Time % Phy DF OF
1 David Pope Seth Griffith 60 1 2 2
2 Samuel Blais Sebastian Collberg 40 1 2 2
4 vs 4 Defense
Defense Defense Time % Phy DF OF
1 Jonas Brodin Derrick Pouliot 60 1 2 2
2 Steven Santini Colton White 40 1 2 2
Last Minutes Offensive
Center Left Wing Right Wing Defense Defense
Seth Griffith David Pope Sebastian Collberg Jonas Brodin Derrick Pouliot
Last Minutes Defensive
Center Left Wing Right Wing Defense Defense
Seth Griffith David Pope Sebastian Collberg Jonas Brodin Derrick Pouliot
Goaltenders
Starting : Mike Condon
Backup : Harru Sateri
Extra Forwards
Normal : Jake Marchment, Joel Kiviranta, Alexander Volkov - PP : Jake Marchment, Joel Kiviranta - PK : Alexander Volkov
Extra Defensemen
Normal : Jacob Middleton, Dante Fabbro, Joshua Jacobs - PP : Jacob Middleton - PK : Dante Fabbro, Joshua Jacobs
Penalty Shots
David Pope, Seth Griffith, Samuel Blais, Sebastian Collberg, Connor Chatam
Scratches
Brett Ponich (Bruised Left Leg Injury), Ryan Poehling (Healthy), Mason Shaw (Healthy), Dylan Samberg (Healthy), Mikhail Vorobyev (Healthy)
Ryan Culkin (Sports Hernia Injury), Jeffrey Viel (Healthy), Yegor Korshkov (Healthy), Jake Paterson (Healthy), Ivan Fedotov (Healthy)
Senators
5 vs 5 Forward
Center Left Wing Right Wing Time % Phy DF OF
1 Christoph Bertschy Zemgus Girgensons Tyler Pitlick 40 1 2 2
2 Jacob De La Rose Zachary Sanford Oliver Bjorkstrand 30 1 2 2
3 Kevin Rooney Brendan Perlini Grant Besse 20 1 2 2
4 Michael McCarron Johan Larsson David Kase 10 1 2 2
5 vs 5 Defense
Defense Defense Time % Phy DF OF
1 Jordan Schmaltz Dmitry Sinitsyn 40 1 2 2
2 Keegan Lowe Nikita Nesterov 30 1 2 2
3 Joonas Lyytinen Mason Geertsen 20 1 2 2
4 Jonas Siegenthaler Jordan Schmaltz 10 1 2 2
PowerPlay Forward
Center Left Wing Right Wing Time % Phy DF OF
1 Christoph Bertschy Zemgus Girgensons Tyler Pitlick 60 1 2 2
2 Jacob De La Rose Zachary Sanford Oliver Bjorkstrand 40 1 2 2
PowerPlay Defense
Defense Defense Time % Phy DF OF
1 Jordan Schmaltz Dmitry Sinitsyn 60 1 2 2
2 Keegan Lowe Nikita Nesterov 40 1 2 2
Penalty Kill 4 Players Forward
Center Wing Time % Phy DF OF
1 Zemgus Girgensons Tyler Pitlick 60 1 2 2
2 Zachary Sanford Oliver Bjorkstrand 40 1 2 2
Penalty Kill 4 Players Defense
Defense Defense Time % Phy DF OF
1 Jordan Schmaltz Dmitry Sinitsyn 60 1 2 2
2 Keegan Lowe Nikita Nesterov 40 1 2 2
Penalty Kill - 3 Players Forward
Forward Time % Phy DF OF
1 Zemgus Girgensons 60 1 2 2
2 Tyler Pitlick 40 1 2 2
Penalty Kill - 3 Players Defense
Defense Defense Time % Phy DF OF
1 Jordan Schmaltz Dmitry Sinitsyn 60 1 2 2
2 Keegan Lowe Nikita Nesterov 40 1 2 2
4 vs 4 Forward
Center Wing Time % Phy DF OF
1 Zemgus Girgensons Tyler Pitlick 60 1 2 2
2 Zachary Sanford Oliver Bjorkstrand 40 1 2 2
4 vs 4 Defense
Defense Defense Time % Phy DF OF
1 Jordan Schmaltz Dmitry Sinitsyn 60 1 2 2
2 Keegan Lowe Nikita Nesterov 40 1 2 2
Last Minutes Offensive
Center Left Wing Right Wing Defense Defense
Christoph Bertschy Zemgus Girgensons Tyler Pitlick Jordan Schmaltz Dmitry Sinitsyn
Last Minutes Defensive
Center Left Wing Right Wing Defense Defense
Christoph Bertschy Zemgus Girgensons Tyler Pitlick Jordan Schmaltz Dmitry Sinitsyn
Goaltenders
Starting : Garret Sparks
Backup : David Rittich
Extra Forwards
Normal : C.J Suess, Brendan Perlini, Kevin Rooney - PP : C.J Suess, Brendan Perlini - PK : Kevin Rooney
Extra Defensemen
Normal : Joonas Lyytinen, Mason Geertsen, Jonas Siegenthaler - PP : Joonas Lyytinen - PK : Mason Geertsen, Jonas Siegenthaler
Penalty Shots
Zemgus Girgensons, Tyler Pitlick, Zachary Sanford, Oliver Bjorkstrand, Christoph Bertschy
Scratches
Gustav Forsling (Healthy), Arttu Ruotsalainen (Healthy), Vitaly Abramov (Healthy), Cliff Pu (Healthy), Michael Pezzetta (Healthy)
Bryce Kindopp (Healthy), Olle Eriksson Ek (Healthy), Scott Wedgewood (Healthy)
% Time on Ice - Wolfpack
Lines # - Real PCT - Wanted PCT - Time Play
Normal Forward
1 - 38% - 40% - 19:39
2 - 25% - 30% - 13:20
3 - 23% - 20% - 12:11
4 - 14% - 10% - 7:10
Normal Defense
1 - 41% - 40% - 21:43
2 - 30% - 30% - 15:43
3 - 19% - 20% - 10:10
4 - 9% - 10% - 4:44
PP Forward
1 - 53% - 60% - 3:09
2 - 47% - 40% - 2:50
PP Defense
1 - 66% - 60% - 3:58
2 - 34% - 40% - 2:01
PK Forward
1 - 100% - 60% - 0:20
2 - 0% - 40% - 0:00
PK Defense
1 - 0% - 60% - 0:00
2 - 100% - 40% - 0:20
PK3 Forward
1 - 0% - 60%
2 - 0% - 40%
PK3 Defense
1 - 0% - 60%
2 - 0% - 40%
44 Forward
1 - 77% - 60% - 1:02
2 - 23% - 40% - 0:19
44 Defense
1 - 79% - 60% - 1:04
2 - 21% - 40% - 0:17
Last Minute Offensive - 0:00
Last Minute Defensive - 0:00
Total
Forward - 60:00
Defense - 60:00
|
% Time on Ice - Senators
Lines # - Real PCT - Wanted PCT - Time Play
Normal Forward
1 - 38% - 40% - 20:02
2 - 28% - 30% - 14:26
3 - 22% - 20% - 11:22
4 - 12% - 10% - 6:30
Normal Defense
1 - 40% - 40% - 21:00
2 - 31% - 30% - 16:18
3 - 21% - 20% - 11:00
4 - 8% - 10% - 4:02
PP Forward
1 - 100% - 60% - 0:20
2 - 0% - 40% - 0:00
PP Defense
1 - 100% - 60% - 0:20
2 - 0% - 40% - 0:00
PK Forward
1 - 75% - 60% - 4:03
2 - 25% - 40% - 1:20
PK Defense
1 - 67% - 60% - 3:36
2 - 33% - 40% - 1:47
PK3 Forward
1 - 100% - 60% - 0:36
2 - 0% - 40% - 0:00
PK3 Defense
1 - 69% - 60% - 0:25
2 - 31% - 40% - 0:11
44 Forward
1 - 100% - 60% - 1:21
2 - 0% - 40% - 0:00
44 Defense
1 - 36% - 60% - 0:29
2 - 64% - 40% - 0:52
Last Minute Offensive - 0:00
Last Minute Defensive - 0:00
Total
Forward - 60:00
Defense - 60:00
|
Play-by-Play
1st period
0:01 of 1st period - Christoph Bertschy wins face-off versus Seth Griffith in neutral zone.
0:32 of 1st period - Dmitry Sinitsyn is hit by Casey Mittelstadt and loses puck.
0:54 of 1st period - Slapshot by Dmitry Sinitsyn.
0:54 of 1st period - Stopped by Mike Condon with a rebound.
0:56 of 1st period - Slapshot by Jordan Schmaltz.
0:56 of 1st period - Deflect By Brendan Perlini.
0:56 of 1st period - Stopped by Mike Condon without a rebound.
0:57 of 1st period - Kevin Rooney wins face-off versus Dryden Hunt in Wolfpack zone.
1:12 of 1st period - Wrist shot by Brendan Perlini.
1:12 of 1st period - Stopped by Mike Condon without a rebound.
1:13 of 1st period - Christoph Bertschy wins face-off versus Seth Griffith in Wolfpack zone.
1:18 of 1st period - Snap shot by Zemgus Girgensons.
1:18 of 1st period - Shot Misses the Net.
1:26 of 1st period - Snap shot by David Pope.
1:26 of 1st period - Stopped by Garret Sparks with a rebound.
1:43 of 1st period - Andrew Peeke is hit by Mason Geertsen.
2:03 of 1st period - Keegan Lowe is hit by Will Borgen and loses puck.
2:41 of 1st period - Icing by Tyler Pitlick.
2:42 of 1st period - Alex Barre-Boulet wins face-off versus Christoph Bertschy in Senators zone.
2:43 of 1st period - Wrist shot by Dryden Hunt.
2:43 of 1st period - Stopped by Garret Sparks with a rebound.
2:45 of 1st period - Slapshot by Colton White.
2:45 of 1st period - Shot Misses the Net.
2:47 of 1st period - Slapshot by Alex Barre-Boulet.
2:47 of 1st period - Stopped by Garret Sparks with a rebound.
2:49 of 1st period - Slapshot by Colton White.
2:49 of 1st period - Shot Blocked by Christoph Bertschy.
2:51 of 1st period - Wrist shot by Steven Santini.
2:51 of 1st period - Stopped by Garret Sparks with a rebound.
2:53 of 1st period - Snap shot by Owen Tippet.
2:53 of 1st period - Stopped by Garret Sparks with a rebound.
3:11 of 1st period - Snap shot by Brendan Perlini.
3:11 of 1st period - Stopped by Mike Condon without a rebound.
3:12 of 1st period - Kevin Rooney wins face-off versus Casey Mittelstadt in Wolfpack zone.
3:13 of 1st period - Snap shot by Brendan Perlini.
3:13 of 1st period - Goal by Brendan Perlini - Wolfpack : 0 - Senators : 1.
3:14 of 1st period - Casey Mittelstadt wins face-off versus Zemgus Girgensons in neutral zone.
3:55 of 1st period - Slapshot by Jonas Brodin.
3:55 of 1st period - Shot Blocked by Jordan Schmaltz.
4:47 of 1st period - Wrist shot by Oliver Bjorkstrand.
4:47 of 1st period - Shot Misses the Net.
5:11 of 1st period - Snap shot by Johan Larsson.
5:11 of 1st period - Deflect By David Kase.
5:11 of 1st period - Shot Blocked by Colton White.
5:11 of 1st period - Puck is out of play.
5:12 of 1st period - Michael McCarron wins face-off versus Alexander Barabanov in Wolfpack zone.
5:21 of 1st period - Snap shot by Alexander Barabanov.
5:21 of 1st period - Goal by Alexander Barabanov - Wolfpack : 1 - Senators : 1.
5:22 of 1st period - Christoph Bertschy wins face-off versus Seth Griffith in neutral zone.
5:54 of 1st period - Wrist shot by Oliver Bjorkstrand.
5:54 of 1st period - Deflect By Zachary Sanford.
5:54 of 1st period - Shot Blocked by Jonas Brodin.
5:54 of 1st period - Puck is out of play.
5:55 of 1st period - Jacob De La Rose wins face-off versus Nolan Patrick in Wolfpack zone.
7:05 of 1st period - Wrist shot by Nolan Patrick.
7:05 of 1st period - Stopped by Garret Sparks without a rebound.
7:06 of 1st period - Seth Griffith wins face-off versus Christoph Bertschy in Senators zone.
7:31 of 1st period - Joonas Lyytinen is hit by Derrick Pouliot and loses puck.
7:36 of 1st period - Wrist shot by Dryden Hunt.
7:36 of 1st period - Stopped by Garret Sparks with a rebound.
7:38 of 1st period - Wrist shot by Dryden Hunt.
7:38 of 1st period - Stopped by Garret Sparks with a rebound.
8:14 of 1st period - Joshua Jacobs is hit by Tyler Pitlick and loses puck.
8:25 of 1st period - Zemgus Girgensons is hit by Seth Griffith and loses puck.
10:10 of 1st period - Grant Besse is hit by Andrew Peeke and loses puck.
10:23 of 1st period - Wrist shot by Brendan Perlini.
10:23 of 1st period - Shot Misses the Net.
10:43 of 1st period - Steven Santini is hit by Zemgus Girgensons and loses puck.
10:50 of 1st period - Snap shot by Zemgus Girgensons.
10:50 of 1st period - Stopped by Mike Condon without a rebound.
10:51 of 1st period - Christoph Bertschy wins face-off versus Seth Griffith in Wolfpack zone.
10:54 of 1st period - Slapshot by Tyler Pitlick.
10:54 of 1st period - Shot Blocked by Jonas Brodin.
11:38 of 1st period - Slapshot by Samuel Blais.
11:38 of 1st period - Stopped by Garret Sparks with a rebound.
11:40 of 1st period - Snap shot by Steven Santini.
11:40 of 1st period - Shot Misses the Net.
12:02 of 1st period - Snap shot by Sebastian Collberg.
12:02 of 1st period - Shot Misses the Net.
12:04 of 1st period - Snap shot by Derrick Pouliot.
12:04 of 1st period - Stopped by Garret Sparks with a rebound.
13:06 of 1st period - Slapshot by Christoph Bertschy.
13:06 of 1st period - Stopped by Mike Condon without a rebound.
13:07 of 1st period - David Pope wins face-off versus Christoph Bertschy in Wolfpack zone.
13:33 of 1st period - Minor Penalty to Joonas Lyytinen for Hooking.
13:34 of 1st period - Zemgus Girgensons wins face-off versus Sebastian Collberg in Senators zone.
14:29 of 1st period - Snap shot by Samuel Blais.
14:29 of 1st period - Deflect By Casey Mittelstadt.
14:29 of 1st period - Shot Misses the Net.
14:29 of 1st period - Puck is out of play.
14:30 of 1st period - Zachary Sanford wins face-off versus Seth Griffith in Senators zone.
14:41 of 1st period - Wrist shot by David Pope.
14:41 of 1st period - Deflect By Tyler Pitlick.
14:41 of 1st period - Shot Blocked by Dmitry Sinitsyn.
14:41 of 1st period - Puck is out of play.
14:42 of 1st period - Seth Griffith wins face-off versus Zemgus Girgensons in Senators zone.
14:56 of 1st period - Backhand shot by Seth Griffith.
14:56 of 1st period - Stopped by Garret Sparks without a rebound.
14:56 of 1st period - Minor Penalty to Garret Sparks for Slashing.
14:57 of 1st period - Seth Griffith wins face-off versus Zemgus Girgensons in Senators zone.
15:08 of 1st period - Wrist shot by Seth Griffith.
15:08 of 1st period - Stopped by Garret Sparks with a rebound.
15:10 of 1st period - Slapshot by Jonas Brodin.
15:10 of 1st period - Shot Blocked by Zemgus Girgensons.
15:12 of 1st period - Snap shot by Derrick Pouliot.
15:12 of 1st period - Shot Blocked by Dmitry Sinitsyn.
15:33 of 1st period - Penalty to Joonas Lyytinen is over, Joonas Lyytinen is back on ice.
16:56 of 1st period - Penalty to Jordan Schmaltz is over, Jordan Schmaltz is back on ice.
18:26 of 1st period - Cale Fleury is hit by Zachary Sanford and loses puck.
19:29 of 1st period - Icing by Casey Mittelstadt.
19:30 of 1st period - Michael McCarron wins face-off versus Casey Mittelstadt in Wolfpack zone.
19:33 of 1st period - Snap shot by Johan Larsson.
19:33 of 1st period - Shot Misses the Net.
19:44 of 1st period - Icing by David Pope.
19:45 of 1st period - Seth Griffith wins face-off versus Christoph Bertschy in Wolfpack zone.
Goals for this period are 1 for Wolfpack vs 1 for Senators.
Shots for this period are 13 for Wolfpack vs 7 for Senators.
2nd period
0:01 of 2nd period - Christoph Bertschy wins face-off versus Seth Griffith in neutral zone.
0:04 of 2nd period - Wrist shot by Tyler Pitlick.
0:04 of 2nd period - Stopped by Mike Condon with a rebound.
0:10 of 2nd period - Slapshot by Jonas Brodin.
0:10 of 2nd period - Shot Misses the Net.
0:12 of 2nd period - Wrist shot by Derrick Pouliot.
0:12 of 2nd period - Shot Misses the Net.
0:14 of 2nd period - Slapshot by Derrick Pouliot.
0:14 of 2nd period - Deflect By Sebastian Collberg.
0:14 of 2nd period - Shot Misses the Net.
0:14 of 2nd period - Puck is out of play.
0:15 of 2nd period - Casey Mittelstadt wins face-off versus Jacob De La Rose in Senators zone.
0:25 of 2nd period - Icing by Jordan Schmaltz.
0:26 of 2nd period - Jacob De La Rose wins face-off versus Seth Griffith in Senators zone.
0:33 of 2nd period - Snap shot by Seth Griffith.
0:33 of 2nd period - Goal by Seth Griffith - Wolfpack : 2 - Senators : 1.
0:34 of 2nd period - Seth Griffith wins face-off versus Christoph Bertschy in neutral zone.
0:39 of 2nd period - Wrist shot by Seth Griffith.
0:39 of 2nd period - Shot Misses the Net.
1:01 of 2nd period - Zachary Sanford is hit by Alexander Barabanov and loses puck.
1:35 of 2nd period - Keegan Lowe is hit by Steven Santini and loses puck.
2:28 of 2nd period - Dmitry Sinitsyn is hit by Alexander Barabanov and loses puck.
2:51 of 2nd period - Snap shot by Michael McCarron.
2:51 of 2nd period - Stopped by Mike Condon without a rebound.
2:52 of 2nd period - Michael McCarron wins face-off versus Casey Mittelstadt in Wolfpack zone.
2:55 of 2nd period - Slapshot by Michael McCarron.
2:55 of 2nd period - Stopped by Mike Condon with a rebound.
2:57 of 2nd period - Snap shot by Michael McCarron.
2:57 of 2nd period - Shot Blocked by Connor Chatam.
3:03 of 2nd period - Wrist shot by Michael McCarron.
3:03 of 2nd period - Stopped by Mike Condon with a rebound.
3:05 of 2nd period - Snap shot by David Kase.
3:05 of 2nd period - Stopped by Mike Condon without a rebound.
3:06 of 2nd period - Christoph Bertschy wins face-off versus Sebastian Collberg in Wolfpack zone.
3:21 of 2nd period - Wrist shot by Christoph Bertschy.
3:21 of 2nd period - Stopped by Mike Condon with a rebound.
3:23 of 2nd period - Slapshot by Dmitry Sinitsyn.
3:23 of 2nd period - Stopped by Mike Condon with a rebound.
3:39 of 2nd period - Backhand shot by Derrick Pouliot.
3:39 of 2nd period - Stopped by Garret Sparks without a rebound.
3:40 of 2nd period - Samuel Blais wins face-off versus Jacob De La Rose in Senators zone.
3:57 of 2nd period - Wrist shot by Zachary Sanford.
3:57 of 2nd period - Stopped by Mike Condon with a rebound.
4:12 of 2nd period - Snap shot by Dmitry Sinitsyn.
4:12 of 2nd period - Shot Misses the Net.
4:14 of 2nd period - Slapshot by Jordan Schmaltz.
4:14 of 2nd period - Stopped by Mike Condon without a rebound.
4:15 of 2nd period - Seth Griffith wins face-off versus Christoph Bertschy in Wolfpack zone.
4:42 of 2nd period - Backhand shot by Kevin Rooney.
4:42 of 2nd period - Deflect By Brendan Perlini.
4:42 of 2nd period - Shot Misses the Net.
4:42 of 2nd period - Puck is out of play.
4:43 of 2nd period - Kevin Rooney wins face-off versus Sebastian Collberg in Wolfpack zone.
5:51 of 2nd period - Jonas Brodin is hit by David Kase and loses puck.
6:21 of 2nd period - Slapshot by Dryden Hunt.
6:21 of 2nd period - Deflect By Alex Barre-Boulet.
6:21 of 2nd period - Shot Misses the Net.
6:21 of 2nd period - Puck is out of play.
6:22 of 2nd period - Christoph Bertschy wins face-off versus Samuel Blais in Senators zone.
6:47 of 2nd period - Zachary Sanford is hit by Sebastian Collberg and loses puck.
7:10 of 2nd period - Snap shot by Dryden Hunt.
7:10 of 2nd period - Stopped by Garret Sparks without a rebound.
7:11 of 2nd period - Kevin Rooney wins face-off versus Alex Barre-Boulet in Senators zone.
7:36 of 2nd period - Snap shot by Brendan Perlini.
7:36 of 2nd period - Stopped by Mike Condon without a rebound.
7:37 of 2nd period - Christoph Bertschy wins face-off versus Seth Griffith in Wolfpack zone.
8:16 of 2nd period - Snap shot by David Pope.
8:16 of 2nd period - Stopped by Garret Sparks with a rebound.
8:18 of 2nd period - Slapshot by Derrick Pouliot.
8:18 of 2nd period - Shot Misses the Net.
8:24 of 2nd period - Wrist shot by Seth Griffith.
8:24 of 2nd period - Stopped by Garret Sparks with a rebound.
8:34 of 2nd period - Snap shot by Seth Griffith.
8:34 of 2nd period - Shot Blocked by Dmitry Sinitsyn.
8:36 of 2nd period - Slapshot by Joshua Jacobs.
8:36 of 2nd period - Stopped by Garret Sparks without a rebound.
8:37 of 2nd period - Christoph Bertschy wins face-off versus Casey Mittelstadt in Senators zone.
8:50 of 2nd period - Snap shot by Connor Chatam.
8:50 of 2nd period - Shot Misses the Net.
8:52 of 2nd period - Wrist shot by Samuel Blais.
8:52 of 2nd period - Shot Misses the Net.
9:02 of 2nd period - Alexander Barabanov is hit by Oliver Bjorkstrand and loses puck.
9:11 of 2nd period - Slapshot by Derrick Pouliot.
9:11 of 2nd period - Stopped by Garret Sparks without a rebound.
9:12 of 2nd period - Jacob De La Rose wins face-off versus Casey Mittelstadt in Senators zone.
9:59 of 2nd period - Wrist shot by Kevin Rooney.
9:59 of 2nd period - Deflect By Grant Besse.
9:59 of 2nd period - Shot Misses the Net.
9:59 of 2nd period - Puck is out of play.
10:00 of 2nd period - Alex Barre-Boulet wins face-off versus Kevin Rooney in Wolfpack zone.
10:35 of 2nd period - Snap shot by Kevin Rooney.
10:35 of 2nd period - Shot Blocked by Derrick Pouliot.
10:37 of 2nd period - Slapshot by Keegan Lowe.
10:37 of 2nd period - Deflect By Dryden Hunt.
10:37 of 2nd period - Stopped by Mike Condon without a rebound.
10:38 of 2nd period - Zemgus Girgensons wins face-off versus Seth Griffith in Wolfpack zone.
11:45 of 2nd period - Dmitry Sinitsyn is hit by Linus Sandin and loses puck.
11:50 of 2nd period - Snap shot by Nolan Patrick.
11:50 of 2nd period - Shot Misses the Net.
11:54 of 2nd period - Snap shot by Linus Sandin.
11:54 of 2nd period - Goal by Linus Sandin - Wolfpack : 3 - Senators : 1.
11:55 of 2nd period - Seth Griffith wins face-off versus Christoph Bertschy in neutral zone.
12:52 of 2nd period - Off-side.
12:53 of 2nd period - Jacob De La Rose wins face-off versus Casey Mittelstadt in neutral zone.
13:03 of 2nd period - Slapshot by Connor Chatam.
13:03 of 2nd period - Goal by Connor Chatam - Wolfpack : 4 - Senators : 1.
13:04 of 2nd period - Casey Mittelstadt wins face-off versus Christoph Bertschy in neutral zone.
13:09 of 2nd period - Slapshot by Connor Chatam.
13:09 of 2nd period - Shot Misses the Net.
13:11 of 2nd period - Snap shot by Joshua Jacobs.
13:11 of 2nd period - Shot Blocked by Christoph Bertschy.
13:13 of 2nd period - Wrist shot by Samuel Blais.
13:13 of 2nd period - Shot Blocked by Christoph Bertschy.
13:15 of 2nd period - Snap shot by Connor Chatam.
13:15 of 2nd period - Goal by Connor Chatam - Wolfpack : 5 - Senators : 1.
13:15 of 2nd period - David Rittich enters game.
13:16 of 2nd period - Seth Griffith wins face-off versus Christoph Bertschy in neutral zone.
13:23 of 2nd period - Wrist shot by Seth Griffith.
13:23 of 2nd period - Shot Blocked by Tyler Pitlick.
13:25 of 2nd period - Slapshot by David Pope.
13:25 of 2nd period - Stopped by David Rittich with a rebound.
13:27 of 2nd period - Wrist shot by David Pope.
13:27 of 2nd period - Shot Misses the Net.
13:29 of 2nd period - Snap shot by Seth Griffith.
13:29 of 2nd period - Shot Misses the Net.
13:44 of 2nd period - Off-side.
13:45 of 2nd period - Jacob De La Rose wins face-off versus Casey Mittelstadt in neutral zone.
13:56 of 2nd period - Snap shot by Zachary Sanford.
13:56 of 2nd period - Goal by Zachary Sanford - Wolfpack : 5 - Senators : 2.
13:57 of 2nd period - Seth Griffith wins face-off versus Christoph Bertschy in neutral zone.
14:07 of 2nd period - Slapshot by David Pope.
14:07 of 2nd period - Goal by David Pope - Wolfpack : 6 - Senators : 2.
14:08 of 2nd period - Christoph Bertschy wins face-off versus Seth Griffith in neutral zone.
14:17 of 2nd period - Dmitry Sinitsyn is hit by Seth Griffith and loses puck.
14:43 of 2nd period - Snap shot by Jacob De La Rose.
14:43 of 2nd period - Shot Misses the Net.
14:45 of 2nd period - Snap shot by Oliver Bjorkstrand.
14:45 of 2nd period - Goal by Oliver Bjorkstrand - Wolfpack : 6 - Senators : 3.
14:46 of 2nd period - Seth Griffith wins face-off versus Christoph Bertschy in neutral zone.
14:57 of 2nd period - Snap shot by David Pope.
14:57 of 2nd period - Shot Misses the Net.
14:59 of 2nd period - Snap shot by Seth Griffith.
14:59 of 2nd period - Shot Blocked by Dmitry Sinitsyn.
15:01 of 2nd period - Snap shot by Sebastian Collberg.
15:01 of 2nd period - Shot Misses the Net.
15:07 of 2nd period - Minor Penalty to Jordan Schmaltz for Roughing.
15:08 of 2nd period - Zemgus Girgensons wins face-off versus Seth Griffith in Senators zone.
15:08 of 2nd period - Zemgus Girgensons is hit by David Pope.
15:19 of 2nd period - Tyler Pitlick is hit by David Pope and loses puck.
15:42 of 2nd period - Slapshot by Connor Chatam.
15:42 of 2nd period - Shot Misses the Net.
15:44 of 2nd period - Backhand shot by Connor Chatam.
15:44 of 2nd period - Shot Misses the Net.
16:16 of 2nd period - Casey Mittelstadt is hit by Nikita Nesterov.
17:07 of 2nd period - Penalty to Jordan Schmaltz is over, Jordan Schmaltz is back on ice.
17:16 of 2nd period - Icing by Steven Santini.
17:17 of 2nd period - Kevin Rooney wins face-off versus Nolan Patrick in Wolfpack zone.
17:22 of 2nd period - Snap shot by Grant Besse.
17:22 of 2nd period - Goal by Grant Besse - Wolfpack : 6 - Senators : 4.
17:23 of 2nd period - Seth Griffith wins face-off versus Christoph Bertschy in neutral zone.
17:36 of 2nd period - Snap shot by Seth Griffith.
17:36 of 2nd period - Stopped by David Rittich without a rebound.
17:37 of 2nd period - Christoph Bertschy wins face-off versus Casey Mittelstadt in Senators zone.
18:29 of 2nd period - Backhand shot by Zachary Sanford.
18:29 of 2nd period - Stopped by Mike Condon without a rebound.
18:30 of 2nd period - Jacob De La Rose wins face-off versus Sebastian Collberg in Wolfpack zone.
18:37 of 2nd period - Wrist shot by Zachary Sanford.
18:37 of 2nd period - Shot Misses the Net.
18:39 of 2nd period - Slapshot by Oliver Bjorkstrand.
18:39 of 2nd period - Shot Blocked by Derrick Pouliot.
19:30 of 2nd period - Icing by Grant Besse.
19:31 of 2nd period - Kevin Rooney wins face-off versus Seth Griffith in Senators zone.
19:45 of 2nd period - Wrist shot by Sebastian Collberg.
19:45 of 2nd period - Shot Blocked by Joonas Lyytinen.
Goals for this period are 5 for Wolfpack vs 3 for Senators.
Shots for this period are 13 for Wolfpack vs 15 for Senators.
3rd period
0:01 of 3rd period - Seth Griffith wins face-off versus Christoph Bertschy in neutral zone.
0:59 of 3rd period - Snap shot by Kevin Rooney.
0:59 of 3rd period - Stopped by Mike Condon without a rebound.
1:00 of 3rd period - Christoph Bertschy wins face-off versus Seth Griffith in Wolfpack zone.
1:05 of 3rd period - Snap shot by Christoph Bertschy.
1:05 of 3rd period - Stopped by Mike Condon without a rebound.
1:06 of 3rd period - Christoph Bertschy wins face-off versus Seth Griffith in Wolfpack zone.
1:53 of 3rd period - Wrist shot by Seth Griffith.
1:53 of 3rd period - Stopped by David Rittich without a rebound.
1:54 of 3rd period - Casey Mittelstadt wins face-off versus Jacob De La Rose in Senators zone.
3:04 of 3rd period - Wrist shot by Samuel Blais.
3:04 of 3rd period - Shot Misses the Net.
3:06 of 3rd period - Snap shot by Casey Mittelstadt.
3:06 of 3rd period - Shot Blocked by Mason Geertsen.
3:08 of 3rd period - Slapshot by Connor Chatam.
3:08 of 3rd period - Shot Misses the Net.
3:18 of 3rd period - Jonas Brodin is hit by Zemgus Girgensons and loses puck.
4:00 of 3rd period - Off-side.
4:01 of 3rd period - Michael McCarron wins face-off versus Alex Barre-Boulet in neutral zone.
4:10 of 3rd period - Wrist shot by Johan Larsson.
4:10 of 3rd period - Stopped by Mike Condon with a rebound.
4:12 of 3rd period - Wrist shot by Michael McCarron.
4:12 of 3rd period - Stopped by Mike Condon with a rebound.
4:14 of 3rd period - Snap shot by Michael McCarron.
4:14 of 3rd period - Shot Misses the Net.
4:55 of 3rd period - Slapshot by Casey Mittelstadt.
4:55 of 3rd period - Shot Misses the Net.
4:57 of 3rd period - Wrist shot by Samuel Blais.
4:57 of 3rd period - Shot Blocked by Joonas Lyytinen.
4:59 of 3rd period - Slapshot by Cale Fleury.
4:59 of 3rd period - Deflect By Samuel Blais.
4:59 of 3rd period - Stopped by David Rittich without a rebound.
5:00 of 3rd period - Christoph Bertschy wins face-off versus Nolan Patrick in Senators zone.
5:00 of 3rd period - Christoph Bertschy is hit by Steven Santini.
5:45 of 3rd period - Snap shot by Jonas Brodin.
5:45 of 3rd period - Stopped by David Rittich without a rebound.
5:46 of 3rd period - Alex Barre-Boulet wins face-off versus Kevin Rooney in Senators zone.
5:50 of 3rd period - Icing by Nikita Nesterov.
5:51 of 3rd period - Kevin Rooney wins face-off versus Alex Barre-Boulet in Senators zone.
5:58 of 3rd period - Slapshot by Steven Santini.
5:58 of 3rd period - Stopped by David Rittich without a rebound.
5:59 of 3rd period - Seth Griffith wins face-off versus Christoph Bertschy in Senators zone.
6:12 of 3rd period - Wrist shot by Seth Griffith.
6:12 of 3rd period - Goal by Seth Griffith - Wolfpack : 7 - Senators : 4.
6:13 of 3rd period - Seth Griffith wins face-off versus Christoph Bertschy in neutral zone.
7:06 of 3rd period - Slapshot by Brendan Perlini.
7:06 of 3rd period - Goal by Brendan Perlini - Wolfpack : 7 - Senators : 5.
7:07 of 3rd period - Seth Griffith wins face-off versus Christoph Bertschy in neutral zone.
7:20 of 3rd period - Slapshot by Christoph Bertschy.
7:20 of 3rd period - Shot Blocked by Steven Santini.
7:22 of 3rd period - Snap shot by Christoph Bertschy.
7:22 of 3rd period - Stopped by Mike Condon with a rebound.
7:24 of 3rd period - Wrist shot by Christoph Bertschy.
7:24 of 3rd period - Deflect By Zemgus Girgensons.
7:24 of 3rd period - Shot Blocked by Colton White.
7:24 of 3rd period - Puck is out of play.
7:25 of 3rd period - Casey Mittelstadt wins face-off versus Jacob De La Rose in Wolfpack zone.
7:25 of 3rd period - Casey Mittelstadt is hit by Jordan Schmaltz.
7:56 of 3rd period - Slapshot by Jonas Brodin.
7:56 of 3rd period - Stopped by David Rittich with a rebound.
8:20 of 3rd period - Snap shot by Alex Barre-Boulet.
8:20 of 3rd period - Goal by Alex Barre-Boulet - Wolfpack : 8 - Senators : 5.
8:21 of 3rd period - Seth Griffith wins face-off versus Christoph Bertschy in neutral zone.
8:56 of 3rd period - Snap shot by Nolan Patrick.
8:56 of 3rd period - Shot Misses the Net.
8:58 of 3rd period - Wrist shot by Colton White.
8:58 of 3rd period - Deflect By Alexander Barabanov.
8:58 of 3rd period - Shot Misses the Net.
8:58 of 3rd period - Puck is out of play.
8:59 of 3rd period - Jacob De La Rose wins face-off versus Samuel Blais in Senators zone.
9:08 of 3rd period - Wrist shot by Samuel Blais.
9:08 of 3rd period - Shot Blocked by Dmitry Sinitsyn.
9:10 of 3rd period - Snap shot by Samuel Blais.
9:10 of 3rd period - Stopped by David Rittich with a rebound.
9:29 of 3rd period - Wrist shot by Brendan Perlini.
9:29 of 3rd period - Shot Blocked by Colton White.
9:43 of 3rd period - Wrist shot by Jordan Schmaltz.
9:43 of 3rd period - Deflect By David Kase.
9:43 of 3rd period - Shot Misses the Net.
9:43 of 3rd period - Puck is out of play.
9:44 of 3rd period - Michael McCarron wins face-off versus Nolan Patrick in Wolfpack zone.
10:53 of 3rd period - Wrist shot by Nolan Patrick.
10:53 of 3rd period - Shot Misses the Net.
11:01 of 3rd period - Wrist shot by Brendan Perlini.
11:01 of 3rd period - Stopped by Mike Condon without a rebound.
11:02 of 3rd period - Christoph Bertschy wins face-off versus Seth Griffith in Wolfpack zone.
11:03 of 3rd period - Wrist shot by Zemgus Girgensons.
11:03 of 3rd period - Shot Misses the Net.
11:11 of 3rd period - Snap shot by David Pope.
11:11 of 3rd period - Shot Misses the Net.
11:13 of 3rd period - Snap shot by Seth Griffith.
11:13 of 3rd period - Shot Blocked by Zemgus Girgensons.
11:15 of 3rd period - Wrist shot by Seth Griffith.
11:15 of 3rd period - Shot Misses the Net.
11:17 of 3rd period - Slapshot by Joshua Jacobs.
11:17 of 3rd period - Stopped by David Rittich without a rebound.
11:18 of 3rd period - Casey Mittelstadt wins face-off versus Jacob De La Rose in Senators zone.
11:31 of 3rd period - Slapshot by Samuel Blais.
11:31 of 3rd period - Shot Misses the Net.
11:33 of 3rd period - Snap shot by Connor Chatam.
11:33 of 3rd period - Shot Misses the Net.
14:06 of 3rd period - Slapshot by Jonas Brodin.
14:06 of 3rd period - Shot Misses the Net.
14:30 of 3rd period - Wrist shot by Tyler Pitlick.
14:30 of 3rd period - Stopped by Mike Condon without a rebound.
14:31 of 3rd period - Seth Griffith wins face-off versus Jacob De La Rose in Wolfpack zone.
14:31 of 3rd period - Seth Griffith is hit by Zachary Sanford.
14:37 of 3rd period - Nikita Nesterov is hit by Seth Griffith.
14:43 of 3rd period - Wrist shot by Oliver Bjorkstrand.
14:43 of 3rd period - Stopped by Mike Condon with a rebound.
14:45 of 3rd period - Snap shot by Zachary Sanford.
14:45 of 3rd period - Goal by Zachary Sanford - Wolfpack : 8 - Senators : 6.
14:46 of 3rd period - Jacob De La Rose wins face-off versus Casey Mittelstadt in neutral zone.
15:13 of 3rd period - Joshua Jacobs is hit by Grant Besse and loses puck.
15:18 of 3rd period - Wrist shot by Brendan Perlini.
15:18 of 3rd period - Shot Misses the Net.
15:20 of 3rd period - Slapshot by Jordan Schmaltz.
15:20 of 3rd period - Stopped by Mike Condon without a rebound.
15:21 of 3rd period - Casey Mittelstadt wins face-off versus Jacob De La Rose in Wolfpack zone.
15:46 of 3rd period - Slapshot by Jordan Schmaltz.
15:46 of 3rd period - Stopped by Mike Condon without a rebound.
15:47 of 3rd period - Kevin Rooney wins face-off versus David Pope in Wolfpack zone.
16:10 of 3rd period - Sebastian Collberg is hit by Zemgus Girgensons and loses puck.
16:22 of 3rd period - Off-side.
16:23 of 3rd period - Nolan Patrick wins face-off versus Kevin Rooney in neutral zone.
16:30 of 3rd period - Slapshot by Steven Santini.
16:30 of 3rd period - Stopped by David Rittich without a rebound.
16:31 of 3rd period - Kevin Rooney wins face-off versus Nolan Patrick in Senators zone.
16:31 of 3rd period - Kevin Rooney is hit by Nolan Patrick.
16:47 of 3rd period - Snap shot by Kevin Rooney.
16:47 of 3rd period - Shot Blocked by Linus Sandin.
16:49 of 3rd period - Snap shot by Brendan Perlini.
16:49 of 3rd period - Stopped by Mike Condon without a rebound.
16:50 of 3rd period - Sebastian Collberg wins face-off versus Tyler Pitlick in Wolfpack zone.
17:05 of 3rd period - Christoph Bertschy is hit by Seth Griffith and loses puck.
17:26 of 3rd period - Linus Sandin is hit by Christoph Bertschy and loses puck.
17:40 of 3rd period - Minor Penalty to Zemgus Girgensons for Interference.
17:41 of 3rd period - Seth Griffith wins face-off versus Kevin Rooney in Senators zone.
17:42 of 3rd period - Snap shot by David Pope.
17:42 of 3rd period - Shot Misses the Net.
17:44 of 3rd period - Slapshot by Derrick Pouliot.
17:44 of 3rd period - Shot Blocked by Jordan Schmaltz.
17:46 of 3rd period - Slapshot by Jonas Brodin.
17:46 of 3rd period - Shot Misses the Net.
17:48 of 3rd period - Wrist shot by Jonas Brodin.
17:48 of 3rd period - Shot Hit the Post.
18:18 of 3rd period - Minor Penalty to Connor Chatam for Interference.
18:19 of 3rd period - C.J Suess wins face-off versus David Pope in Wolfpack zone.
19:15 of 3rd period - Slapshot by Samuel Blais.
19:15 of 3rd period - Shot Blocked by Nikita Nesterov.
19:40 of 3rd period - Penalty to Zemgus Girgensons is over, Zemgus Girgensons is back on ice.
19:59 of 3rd period - Steven Santini is hit by Zemgus Girgensons and loses puck.
Goals for this period are 2 for Wolfpack vs 2 for Senators.
Shots for this period are 10 for Wolfpack vs 13 for Senators.